 Dungeon Crawl Stone Soup version 0.20-a0-837-g0f21a4d (webtiles) character file.

350 M4edhros the Magician (level 6, -1/36 HPs)
             Began as an Octopode Wizard on Mar 8, 2017.
             Slain by an orc
             ... wielding a +0 flail
              (5 damage)
             ... on level 3 of the Dungeon.
             The game lasted 00:06:22 (3006 turns).

M4edhros the Magician (Octopode Wizard)             Turns: 3006, Time: 00:06:23

Health: -1/36      AC:  1    Str:  6    XL:     6   Next: 61%
Magic:  3/13       EV: 13    Int: 21    God:    Xom [..*...]
Gold:   54         SH:  0    Dex: 12    Spells: 11/15 levels left

rFire    . . .     SeeInvis .   (no weapon)
rCold    . . .     Gourm    .   (no shield)
rNeg     . . .     Faith    .   a - +0 hat
rPois    .         Spirit   .   (no amulet)
rElec    .         Reflect  .   d - ring of flight
rCorr    .         Harm     .   (no ring)
MR       .....                  (no ring)
Stlth    +++.......             (no ring)
Regen    0.2/turn               (no ring)
MPRegen  0.2/turn               (no ring)
                                (no ring)
                                (no ring)

@: very slightly contaminated, hasted, very quick
A: almost no armour, stealthy swim, amphibious, 8 rings, constrict 8, camouflage
1, gelatinous body 1
a: Renounce Religion, Evoke Flight


You were on level 3 of the Dungeon.
You worshipped Xom.
You were a toy of Xom.
You were not hungry.

You visited 1 branch of the dungeon, and saw 4 of its levels.

You collected 54 gold pieces.

Inventory:

Missiles
 e - 83 stones (quivered)
 o - 26 sling bullets
Armour
 a - a +0 hat (worn)
Jewellery
 d - a ring of flight (left tentacle)
Scrolls
 g - a scroll of recharging {unknown}
 k - a scroll of fog {unknown}
 l - 2 scrolls of amnesia {unknown}
 n - 2 scrolls of identify {unknown}
 p - a scroll of teleportation {unknown}
 r - a scroll of immolation {unknown}
 s - a scroll of blinking {unknown}
Potions
 j - a potion of brilliance
 q - a potion of flight
Books
 b - a book of Minor Magic

   Spells                             Type                      Level
   a - Magic Dart                     Conjuration                  1
   b - Blink                          Translocation                2
   c - Call Imp                       Summoning                    2
   d - Slow                           Hexes                        2
   e - Conjure Flame                  Conjuration/Fire             3
   f - Mephitic Cloud                 Conjuration/Poison/Air       3
Comestibles
 c - a bread ration
 h - 7 fruits
 i - 2 meat rations
 m - a royal jelly
 u - 3 chunks of flesh


   Skills:
 - Level 2.0 Dodging
 - Level 2.6 Stealth
 + Level 5.1 Spellcasting
 + Level 4.0 Conjurations
   Level 1.0 Summonings
   Level 1.0 Translocations
 + Level 1.4 Air Magic
 + Level 1.3 Poison Magic


You had 11 spell levels left.
You knew the following spells:

 Your Spells              Type           Power        Failure   Level  Hunger
a - Magic Dart            Conj           ###.         1%          1    None
b - Mephitic Cloud        Conj/Pois/Air  ##......     14%         3    ##.....


Dungeon Overview and Level Annotations

Branches:
Dungeon (4/15)
 Temple: D:4-7

Altars:
Xom


Innate Abilities, Weirdness & Mutations

You cannot wear most types of armour.
You are very stealthy in the water. (Stealth+)
You are amphibious.
You can wear up to eight rings at the same time.
You can use your tentacles to constrict eight enemies at once.
Your skin changes colour to match your surroundings (Stealth+).
Your rubbery body absorbs attacks. (AC +1, EV +1)


Message History

Aim: an orc, wielding a hand axe (severely wounded)
The magic dart hits the orc.
You kill the orc!
Casting: Magic Dart
Confirm with . or Enter, or press ? or * to list all spells.
Aiming: Magic Dart
Press: ? - help, Shift-Dir - straight line, f - orc
Aim: an orc, wielding a flail and wearing a ring mail The magic dart hits the orc.
The orc priest calls down the wrath of Beogh upon you.
Beogh smites you!
* * * LOW HITPOINT WARNING * * *
You emit a cloud of colourful smoke!
Casting: Magic Dart
Confirm with . or Enter, or press ? or * to list all spells.
Aiming: Magic Dart
Press: ? - help, Shift-Dir - straight line, f/p - orc
Aim: an orc, wielding a flail and wearing a ring mail (magical condensation)
The magic dart hits the orc.
The orc hits you with a flail.
You die...

....... #####(.####...#.....
.......... #######.##
#.#....... .....##.......#
#.##(.....
>.......####o######.###.....
................##.# #.....
...)####..####..#.# #..... .
#..#...## ... ######
....##...##### ...
........o)o@§###########
############§#(8.8.8.8.#
#§#8_......8# #.#.........#
#)#.........# #.#8...)...8#
#.#[........# #.#8......(8#
#.####...####


You could see an orc priest and an orc.

Vanquished Creatures
  A slave (D:3)
  2 orc priests (D:3)
  An orc wizard (D:3)
  Ijyb (D:3)
  Terence (D:3)
  Natasha (thrice) (D:2)
  A worker ant (D:3)
  4 gnolls
  An adder (D:2)
  3 worms
  3 dart slugs
  A leopard gecko (D:3)
  9 orcs (D:3)
  2 giant cockroaches
  2 hobgoblins
  5 jackals (D:2)
  A quokka (D:2)
  A ball python (D:3)
  4 bats
  A frilled lizard (D:3)
  3 goblins
  7 kobolds
  5 rats
62 creatures vanquished.

Notes
Turn   | Place    | Note
-------+----------+-------------------------------------------
     0 | D:1      | M4edhros the Octopode Wizard began the quest for the Orb.
     0 | D:1      | Reached XP level 1. HP: 11/11 MP: 4/4
   248 | D:1      | Reached XP level 2. HP: 15/17 MP: 3/6
   348 | D:2      | Noticed Natasha
   362 | D:2      | Killed Natasha
   362 | D:2      | Reached XP level 3. HP: 6/21 MP: 1/8
   463 | D:2      | Noticed Natasha
   712 | D:2      | Killed Natasha
   712 | D:2      | Reached skill level 4 in Spellcasting
   712 | D:2      | Reached XP level 4. HP: 12/27 MP: 3/10
   915 | D:2      | Noticed Natasha
   926 | D:2      | Killed Natasha
  1364 | D:2      | HP: 1/27 [gnoll/whip (11)]
  1679 | D:3      | Reached XP level 5. HP: 31/31 MP: 5/11
  1988 | D:3      | Learned a level 3 spell: Mephitic Cloud
  2474 | D:4      | Noticed a slave
  2474 | D:4      | Noticed a slave
  2474 | D:4      | Noticed a slave
  2475 | D:4      | Noticed a slave
  2514 | D:3      | Killed a slave
  2609 | D:3      | Noticed Ijyb
  2632 | D:3      | Killed Ijyb
  2632 | D:3      | Reached XP level 6. HP: 28/36 MP: 9/13
  2704 | D:3      | Found a stormy altar of Qazlal.
  2812 | D:3      | Noticed Terence
  2812 | D:3      | Found a glowing silver altar of Zin.
  2812 | D:3      | Found a glowing silver altar of Zin.
  2834 | D:3      | Killed Terence
  2834 | D:3      | Reached skill level 5 in Spellcasting
  2929 | D:3      | Reached skill level 1 in Air Magic
  2929 | D:3      | Reached skill level 1 in Poison Magic
  2934 | D:3      | Found a stormy altar of Qazlal.
  2934 | D:3      | Found a snail-covered altar of Cheibriados.
  2934 | D:3      | Found a shimmering altar of Xom.
  2960 | D:3      | Became a worshipper of Xom of Malevolent Giggling
  3005 | D:3      | XOM: smoke on damage
  3006 | D:3      | Slain by an orc

Vault maps used:
D:1:      roderic_octagonal_star
D:2:      nicolae_gozag_cash_rules_everything_around_me, first_bread,
          serial_park_tiny_1, minmay_split_cup_large, uniq_natasha
D:3:      doesnt_xom_only_xom, uniq_terence, uniq_iyjb, uniq_robin
D:4:      tgw_sif, uniq_pikel

Skill      XL: |  1  2  3  4  5  6 |
---------------+-------------------+-----
Conjurations   | 2 3 4 |  4.0
Spellcasting   | 4 5 |  5.1
Air Magic      | 1 |  1.4
Poison Magic   | 1 |  1.3
Dodging        | |  2.0
Stealth        | |  2.6
Summonings     | |  1.0
Translocations | |  1.0

Action                   |  1- 3 |  4- 6 || total
-------------------------+-------+-------++-------
Melee: Unarmed           |    19 |    67 ||    86
       Constrict         |     5 |    19 ||    24
       Tentacles         |     2 |    12 ||    14
 Cast: Magic Dart        |    33 |   135 ||   168
       Mephitic Cloud    |       |     3 ||     3
  Use: Potion            |     1 |     6 ||     7
 Stab: Confused          |       |     3 ||     3
  Eat: Chunk             |       |     6 ||     6
Armor: Skin              |     1 |     4 ||     5
Dodge: Dodged            |    19 |    49 ||    68
